 Dungeon Crawl Stone Soup version 0.13-a0-2600-g811f1de (webtiles) character file.

1271 4tharraofdagon the Ruinous (level 8, 0/57 HPs)
             Began as a White Draconian Fire Elementalist on Aug 3, 2013.
             Was an Initiate of Vehumet.
             Slain by a centaur (2 damage)
             ... on Level 6 of the Dungeon.
             The game lasted 00:13:44 (2131 turns).

4tharraofdagon the Ruinous (DrFE)                   Turns: 2131, Time: 00:13:44

HP   0/57        AC  8     Str 12      XL: 8   Next: 15%
MP   3/18        EV 12     Int 17      God: Vehumet [......]
Gold 123         SH  0     Dex 12      Spells:  3 memorised,  8 levels left

Res.Fire  : . . .   See Invis. : .   m - +1,+2 dagger (holy)
Res.Cold  : + . .   Warding    : .   (armour unavailable)
Life Prot.: + + .   Conserve   : .   (no shield)
Res.Poison: .       Res.Corr.  : .   (helmet restricted)
Res.Elec. : .       Clarity    : +   (no cloak)
Sust.Abil.: . .     Spirit.Shd : .   k - +0 pair of gloves
Res.Mut.  : .       Stasis     : .   a - +0 pair of boots
Res.Rott. : .       Flight     : .   z - amulet of the Four Winds {Clar rN+ MR++}
Saprovore : . . .                    v - cursed -4 ring of strength
                                     F - ring of positive energy {unknown}

@: mighty, mildly poisoned, hasted and slowed, extremely resistant to hostile
enchantments, unstealthy
A: breathe frost, unfitting armour, cold resistance 1, AC +6
a: Breathe Frost, Renounce Religion


You were on level 6 of the Dungeon.
You worshipped Vehumet.
Vehumet was pleased with you.
You were hungry.

You visited 2 branches of the dungeon, and saw 8 of its levels.

You collected 103 gold pieces.

Inventory:

Hand weapons
 f - a +2,+3 dagger
 m - a +1,+2 dagger of holy wrath (weapon)
 o - a +1,+3 dagger
Missiles
 i - 2 javelins (quivered)
Armour
 a - a +0 pair of boots (worn)
 k - a +0 pair of gloves (worn)
Magical devices
 d - a wand of flame (14)
 u - a wand of confusion (8)
 B - a wand of paralysis (13)
Comestibles
 c - 5 bread rations
 s - a chunk of adder flesh
Scrolls
 l - a scroll of fear {unknown}
 p - 3 scrolls of enchant armour {unknown}
 q - a scroll of enchant weapon I {unknown}
 r - a scroll of magic mapping {unknown}
 t - 2 scrolls of remove curse {unknown}
 w - 2 scrolls of curse weapon {unknown}
 x - a scroll of blinking {unknown}
 y - a scroll of random uselessness
 A - a scroll of teleportation {unknown}
 C - a scroll of identify
Jewellery
 g - an uncursed ring of protection from magic
 v - a cursed -4 ring of strength (right hand)
 z - the amulet of the Four Winds (around neck) {Clar rN+ MR++}
   (You found it on level 5 of the Dungeon)

   [amulet of clarity]

   It protects you from negative energy.
   It affects your resistance to hostile enchantments.
 F - a ring of positive energy (left hand) {unknown}
Potions
 j - a potion of brilliance
 n - a potion of speed
Books
 b - a book of Flames

   Spells                             Type                      Level
   *Flame Tongue                      Conjuration/Fire             1
   Throw Flame                        Conjuration/Fire             2
   *Conjure Flame                     Conjuration/Fire             3
   Inner Flame                        Hexes/Fire                   3
   *Sticky Flame                      Conjuration/Fire             4
   Fireball                           Conjuration/Fire             5


   Skills:
 - Level 1.7 Dodging
 - Level 1.7 Stealth
 * Level 4.8 Spellcasting
 + Level 5.5 Conjurations
 + Level 5.4 Fire Magic


You had 8 spell levels left.
You knew the following spells:

 Your Spells              Type           Power        Failure   Level  Hunger
a - Flame Tongue          Conj/Fire      ###..        1%          1    None
b - Conjure Flame         Conj/Fire      ###.....     6%          3    ###....
c - Sticky Flame          Conj/Fire      ###.....     17%         4    ####...


Dungeon Overview and Level Annotations

Branches:
Dungeon (7/27)             Temple (1/1) D:7
    Orc: D:6-11

Altars:
Elyvilon
Fedhas
Kikubaaqudgha
Makhleb
Nemelex Xobeh
Okawaru
Vehumet
Xom
Yredelemnul
the Shining One
Lugonu

Shops:
D:6: (

Annotations
D:6 Prince Ribbit


Innate Abilities, Weirdness & Mutations

You can breathe waves of freezing cold.
You can buffet flying creatures when you breathe cold.
Your icy white scales are hard (AC +6).
Your body does not fit into most forms of armour.
Your cold-blooded metabolism reacts poorly to cold.
Your flesh is cold resistant.


Message History

Unknown command.
Drink which item? (? for menu, Esc to quit)
You feel yourself speed up.
The centaur hits you but does no damage.
Drink which item? (? for menu, Esc to quit)
You feel very mighty all of a sudden.
* * * LOW HITPOINT WARNING * * *
You feel sick. The centaur hits you!
* * * LOW HITPOINT WARNING * * *
You barely miss the centaur.
Your tail-slap misses the centaur.
The centaur is moderately wounded.
The centaur misses you.
Drink which item? (? for menu, Esc to quit)
You feel yourself slow down.
It was a potion of slowing.
The centaur hits you but does no damage.
Drink which item? (? for menu, Esc to quit)
You feel refreshed.
It was a potion of restore abilities.
The centaur hits you.
* * * LOW HITPOINT WARNING * * *
The centaur hits you.
You die...

♣ ♣. ♣♣ .♣♣ .♣♣.. ♣♣♣♣♣♣♣ ....♣
♣♣♣♣♣♣♣♣♣ ♣♣♣.♣♣♣ ♣♣♣...♣♣♣
♣♣♣♣c♣♣ ♣♣..[..♣♣♣♣ ♣♣%@♣♣ ♣♣
♣♣.....♣♣♣♣ ♣♣.♣♣♣♣♣♣♣♣♣...
♣♣♣......♣♣ ♣♣.♣♣♣♣♣♣♣♣...♣
♣♣.♣.♣♣(♣♣♣ ♣♣♣.♣♣♣♣....♣♣
♣♣♣♣♣♣♣%♣♣♣♣♣♣♣♣.....♣♣♣ ♣
♣♣♣♣♣♣♣♣(♣♣♣♣♣♣♣♣♣♣...♣♣♣♣♣♣♣♣♣♣
♣♣♣♣(.♣♣♣♣♣♣♣♣...♣♣♣♣♣♣♣♣♣♣
♣♣♣♣♣()♣♣♣♣♣..........♣♣).
♣♣♣♣♣♣..♣♣♣..♣♣♣♣♣♣♣....♣


You could see a centaur.

Vanquished Creatures
  2 ogres (D:6)
  A phantom (D:6)
  2 centaurs
  A giant frog (D:6)
  A giant goldfish zombie (D:2)
  A wight (D:4)
  A goliath beetle (D:6)
  A hound (D:6)
  A crimson imp (D:6)
  A centaur skeleton (D:6)
  2 orc wizards (D:6)
  5 worker ants
  A hound zombie (D:5)
  An ogre zombie (D:6)
  A gnoll (D:5)
  A giant mite (D:2)
  5 adders
  A giant eyeball (D:5)
  An ooze (D:6)
  7 orcs
  5 bats
  A giant cockroach (D:7)
  8 goblins
  7 hobgoblins
  A ball python (D:6)
  A giant gecko (D:2)
  A giant mite zombie (D:6)
  2 giant newts
  A giant newt skeleton (D:4)
  A hobgoblin skeleton (D:5)
  6 kobolds
  A quokka zombie (D:6)
  3 rats
  A ballistomycete (D:6)
76 creatures vanquished.

Vanquished Creatures (others)
  A giant spore (D:6)
1 creature vanquished.

Grand Total: 77 creatures vanquished

Notes
Turn   | Place    | Note
--------------------------------------------------------------
     0 | D:1      | 4tharraofdagon, the Draconian Fire Elementalist, began the quest for the Orb.
     0 | D:1      | Reached XP level 1. HP: 14/14 MP: 3/3
   205 | D:2      | Reached XP level 2. HP: 20/20 MP: 4/4
   324 | D:2      | Noticed a giant goldfish zombie
   327 | D:2      | Found an ancient bone altar of Kikubaaqudgha.
   390 | D:2      | Killed a giant goldfish zombie
   390 | D:2      | Reached XP level 3. HP: 13/26 MP: 3/6
   398 | D:2      | Learned a level 3 spell: Conjure Flame
   636 | D:2      | Reached XP level 4. HP: 22/33 MP: 3/7
   719 | D:3      | Reached skill level 4 in Fire Magic
   781 | D:4      | Found a basalt altar of Yredelemnul.
   781 | D:4      | Found a white marble altar of Elyvilon.
   817 | D:5      | Entered Level 5 of the Dungeon
   905 | D:4      | Reached XP level 5. HP: 36/38 MP: 3/9
  1015 | D:5      | Noticed a centaur
  1023 | D:5      | Killed a centaur
  1023 | D:5      | Reached skill level 5 in Fire Magic
  1023 | D:5      | Reached XP level 6. HP: 10/45 MP: 3/11
  1164 | D:6      | Learned a level 4 spell: Sticky Flame
  1207 | D:6      | Found a radiant altar of Vehumet.
  1410 | D:7      | Found a staircase to the Ecumenical Temple.
  1497 | Temple   | Entered the Ecumenical Temple
  1653 | D:6      | Noticed Prince Ribbit
  1726 | D:6      | Your scales start taking on an icy white colour.
  1726 | D:6      | Gained mutation: Your flesh is cold resistant. [draconian maturity]
  1726 | D:6      | Reached XP level 7. HP: 50/50 MP: 14/14
  1736 | D:6      | Became a worshipper of Vehumet
  1755 | D:6      | Found Kudwaor's Weapon Shop.
  1812 | D:5      | Reached skill level 5 in Fire Magic
  1821 | D:5      | Paralysed by a giant eyeball for 2 turns
  1952 | D:6      | Reached skill level 5 in Conjurations
  1994 | D:6      | Reached XP level 8. HP: 30/57 MP: 1/18
  2131 | D:6      | HP: 2/57 [centaur (2)]
  2131 | D:6      | Slain by a centaur

Action                   |  1- 3 |  4- 6 |  7- 9 || total
-------------------------+-------+-------+-------++-------
Melee: Unarmed           |     4 |       |       ||     4
       Dagger            |    33 |    44 |    49 ||   126
 Cast: Flame Tongue      |    29 |    54 |    17 ||   100
       Conjure Flame     |       |     6 |     1 ||     7
       Sticky Flame      |       |     3 |     5 ||     8
 Abil: Breathe Frost     |       |       |     1 ||     1
Evoke: Wand              |       |       |     3 ||     3
  Use: Scroll            |       |     5 |       ||     5
       Potion            |       |     1 |     5 ||     6
 Stab: Sleeping          |       |     1 |       ||     1
